 Dungeon Crawl Stone Soup version 0.17-a0-755-g4391640 (webtiles) character file.

1310 RobertPalmer the Martial Artist (level 8, -6/63 HPs)
             Began as a Deep Dwarf Transmuter on Apr 22, 2015.
             Mangled by a decayed bog body (19 damage)
             ... in an ossuary.
             The game lasted 00:21:12 (5948 turns).

RobertPalmer the Martial Artist (DDTm)              Turns: 5948, Time: 00:21:12

Health: -6/63      AC:  2    Str: 13    XL:     8   Next: 32%
Magic:  3/8        EV: 20    Int: 21    God:    Xom [....*.]
Gold:   301        SH:  0    Dex: 18    Spells: 3 memorised, 4 levels left

rFire  . . .     SeeInvis .       - Unarmed
rCold  . . .     Clarity  .     (armour currently unavailable)
rNeg   + . .     SustAb   .     (shield currently unavailable)
rPois  x         Gourm    .     (helmet currently unavailable)
rElec  .         Spirit   .     (cloak currently unavailable)
rCorr  .         Warding  +     (gloves currently unavailable)
rMut   .         Stasis   .     (boots currently unavailable)
MR     .....                    C - amulet of warding {Ward, rN+, !d}
Stlth  ++........               (no ring)
                                s - +4 ring of intelligence

@: spider-form, vulnerable, very slightly contaminated, non-regenerating, not
resistant to hostile enchantments, unstealthy
A: damage resistance, recharge devices, (antennae 0), (yellow scales 0), sense
surroundings 1, slow healing 3
a: Device Recharging, End Transformation, Renounce Religion


You were in an ossuary.
You worshipped Xom.
You were a beloved toy of Xom.
You were not hungry.
You were a venomous arachnid creature.
You visited 1 branch of the dungeon, and saw 5 of its levels.
You also visited: Ossuary.

You collected 301 gold pieces.

Inventory:

Missiles
 a - 75 arrows
 r - 10 arrows of frost
 w - 56 poisoned needles
Armour
 b - a +0 robe (melded)
 k - a +1 cloak (melded)
   (You found it on level 1 of the Dungeon)
Jewellery
 s - a +4 ring of intelligence (left front leg)
   (You took it off a hobgoblin on level 2 of the Dungeon)
 C - an amulet of warding (around neck) {Ward, rN+, !d}
   (You found it in an ossuary)
Magical devices
 d - a wand of heal wounds (2)
 g - a wand of fire (11)
   (Xom gifted it to you in an ossuary)
 j - a wand of polymorph (9)
   (You found it on level 4 of the Dungeon)
 p - a wand of hasting (0)
   (You took it off Ijyb on level 2 of the Dungeon)
Scrolls
 m - 2 scrolls of amnesia
 o - a scroll of enchant weapon
 t - a scroll of identify
Potions
 f - 2 potions of cancellation
 i - a potion of degeneration {unknown}
 l - 2 potions of mutation {unknown}
 n - 2 potions of restore abilities
 q - a potion of might {unknown}
 u - a potion of agility {unknown}
 v - 2 potions of curing
 A - a potion of haste
 D - a potion of heal wounds
Books
 c - a book of Changes
Comestibles
 e - 2 bread rations {@e1}
 h - 3 beef jerkies
 z - 4 meat rations {@e2}
 B - a slice of pizza


   Skills:
 - Level 0.8 Fighting
 - Level 2.1 Dodging
 + Level 9.1 Unarmed Combat
 - Level 1.7 Spellcasting
 - Level 3.8 Transmutations


You had 4 spell levels left.
You knew the following spells:

 Your Spells              Type           Power        Failure   Level  Hunger
a - Beastly Appendage     Trmt           ###...       12%         1    #......
c - Spider Form           Trmt/Pois      #.........   45%         3    ###....
s - Sticks to Snakes      Trmt           ###.......   17%         2    ###....


Dungeon Overview and Level Annotations

Branches:
Dungeon (5/15)             Temple (0/1) D:4

Altars:
Xom
Jiyva

Shops:
D:4 (

Annotations:
D:3 Ontamu's ghost, average DEEn
D:4 Fotor's ghost, average TrFi


Innate Abilities, Weirdness & Mutations

You are resistant to damage.
You can recharge devices by infusing magical energy.
You passively map a small area around you.
You do not heal naturally.
((You have a pair of small antennae on your head.))
((You are partially covered in yellow scales (AC +2).))


Message History

There is an open door here.
The adder zombie misses you.
You see here a scroll labeled ZIOQYUNNUV.
You hit the adder zombie. The adder zombie misses you.
You punch the adder zombie! The adder zombie bites you.
You punch the adder zombie!
You destroy the adder zombie!
f - 2 potions of cancellation (gained 1) As you close the door, it creaks loudly!
t - a scroll of identify
x - a scroll labeled ZIOQYUNNUV
A - a potion of haste
C - a thin filigree amulet
v - 2 potions of curing (gained 1)
t - 2 scrolls of identify (gained 1)
l - 2 metallic grey potions (gained 1)
D - a potion of heal wounds Read which item? (? for menu, Esc to quit)
Identify which item? (\ to view known items) (? for menu, Esc to quit)
As you read the scroll of identify, it crumbles to dust.
C - an uncursed amulet of warding Put on which piece of jewellery? (? for menu, Esc to quit)
C - an amulet of warding (around neck) {Ward, rN+, !d} Read which item? (? for menu, Esc to quit)
As you read the scroll labeled FUTUGI FOUR, it crumbles to dust.
You feel as if something is helping you.
It was a scroll of remove curse.
Read which item? (? for menu, Esc to quit)
As you read the scroll labeled ZIOQYUNNUV, it crumbles to dust.
Magic quickly surges around you.
It was a scroll of vulnerability.
You open the door.
The worker ant zombie closely misses you.
You punch the worker ant zombie! You hit the worker ant zombie.
The worker ant zombie bites you.
You take 1 damage, and have 44/63 hp.
You hit the worker ant zombie. You punch the worker ant zombie.
The worker ant zombie completely misses you.
You punch the worker ant zombie!
You destroy the worker ant zombie!
A giant gecko zombie comes into view.
There is an open door here.
The giant gecko zombie closely misses you.
You barely miss the giant gecko zombie.
The giant gecko zombie bites you but does no damage.
You punch the giant gecko zombie! The giant gecko zombie misses you.
You barely miss the giant gecko zombie.
The giant gecko zombie closely misses you.
You hit the giant gecko zombie.
You destroy the giant gecko zombie!
A decayed bog body comes into view.
A decayed bog body comes into view.
The decayed bog body moves out of view.
You turn into a venomous arachnid creature.
Your +1 cloak melds into your body.
Your +0 robe melds into your body.
Your transformation is almost over.
You now have 4/8 mp.
The decayed bog body casts a spell at you.
The puff of frost hits you!
There is an open door here.
You take 2 damage, and have 42/63 hp.
You close the door.
A decayed bog body opens the door.
You barely miss the decayed bog body.
The decayed bog body closely misses you.
The decayed bog body touches you. The decayed bog body freezes you.
You take 2 damage, and have 40/63 hp.
You bite the decayed bog body! The decayed bog body hits you!!
The decayed bog body misses you.
You take 17 damage, and have 23/63 hp.
MASSIVE DAMAGE!!
You hit the decayed bog body.
You completely miss the decayed bog body.
Your transformation has ended.
Your +1 cloak unmelds from your body.
Your +0 robe unmelds from your body.
The decayed bog body closely misses you.
The decayed bog body misses you.
A hound zombie comes into view.
You turn into a venomous arachnid creature.
Your +1 cloak melds into your body.
Your +0 robe melds into your body.
The decayed bog body closely misses you.
The decayed bog body barely misses you.
You now have 2/8 mp.
Unknown command.
You barely miss the decayed bog body.
The decayed bog body casts a spell at you.
You resist with some effort.
You bite the decayed bog body!
You destroy the decayed bog body!
You hit the decayed bog body but do no damage.
The decayed bog body hits you. The decayed bog body touches you.
* * * LOW HITPOINT WARNING * * *
The decayed bog body freezes you!
* * * LOW HITPOINT WARNING * * *
You take 10 damage, and have 13/63 hp.
You hit the decayed bog body.
The decayed bog body casts a spell at you.
The puff of frost misses you.
Unknown command.
You bite the decayed bog body! The decayed bog body hits you!!
You die...

#.#.#{#.#.#.#{*
#'#'#+#'#'#'#+###
*{+.............'.#
*#.#####.#####.###
{+.#...#.#...#.'.#
#.'.∩.#.#...'.###
*{+.#..∩#.#...#.'.#
#.#####≈#####.###
+.', Z≈',#snZ'.#
#.##* #≈# ###.###
,'.#,, #≈# #.'.#
#.' * #...'.###
,'.# #..n#.',* #≈#
#####.## +≈≈ ≈ ≈≈'
#'# , ,#.#


You could see a decayed bog body and a hound zombie.

Vanquished Creatures
  Menkaure (D:4)
  Edmund (D:4)
  Duvessa (D:4)
  2 centaurs (D:5)
  Dowan (D:4)
  A scorpion (D:4)
  A hound (D:4)
  A bog body (Ossuary)
  3 centaur zombies (Ossuary)
  A giant frog zombie (Ossuary)
  Ijyb (D:2)
  A jelly (D:4)
  A giant frog skeleton (D:5)
  An orc wizard (D:4)
  A killer bee zombie (Ossuary)
  2 worker ants (D:4)
  2 hound zombies (Ossuary)
  8 mummies (Ossuary)
  A worker ant zombie (Ossuary)
  6 adders
  4 oozes (D:4)
  3 adder zombies (Ossuary)
  2 worms
  6 orcs
  2 giant cockroaches (D:1)
  5 goblins
  17 hobgoblins
  18 jackals
  A ball python (D:1)
  20 bats
  A giant gecko (D:2)
  A giant gecko zombie (Ossuary)
  3 giant newts
  9 kobolds
  12 rats
141 creatures vanquished.

Vanquished Creatures (collateral kills)
  A quokka (D:4)
1 creature vanquished.

Grand Total: 142 creatures vanquished

Notes
Turn   | Place    | Note
--------------------------------------------------------------
     0 | D:1      | RobertPalmer, the Deep Dwarf Transmuter, began the quest for the Orb.
     0 | D:1      | Reached XP level 1. HP: 16/16 MP: 3/3
   199 | D:1      | Reached skill level 3 in Unarmed Combat
   349 | D:1      | Reached XP level 2. HP: 18/24 MP: 0/4
   371 | D:1      | Reached skill level 2 in Transmutations
  1425 | D:2      | Reached XP level 3. HP: 15/30 MP: 3/5
  1868 | D:2      | Reached skill level 3 in Transmutations
  2021 | D:2      | Learned a level 3 spell: Spider Form
  2194 | D:2      | Noticed Ijyb
  2284 | D:2      | Killed Ijyb
  2284 | D:2      | Reached XP level 4. HP: 16/37 MP: 2/6
  2970 | D:3      | Noticed Ontamu's ghost (average DEEn)
  3411 | D:3      | Reached XP level 5. HP: 32/43 MP: 7/7
  3521 | D:3      | Found a shimmering altar of Xom.
  3541 | D:3      | Became a worshipper of Xom of Chaos
  3587 | D:3      | XOM: divination: detect items
  3645 | D:3      | Reached skill level 4 in Unarmed Combat
  3663 | D:3      | XOM: harmless Hex miscast
  3971 | D:3      | XOM: silly message
  4036 | D:4      | Noticed Edmund
  4045 | D:4      | Found a staircase to the Ecumenical Temple.
  4047 | D:4      | Noticed Fotor's ghost (average TrFi)
  4048 | D:4      | XOM: repel stairs
  4053 | D:4      | HP: 10/43 [Fotor's ghost (1)]
  4066 | D:4      | XOM: enchant monster (bad)
  4074 | D:4      | XOM: chaos cloud
  4075 | D:4      | Killed Edmund
  4075 | D:4      | Reached skill level 5 in Unarmed Combat
  4075 | D:4      | Reached XP level 6. HP: 34/50 MP: 1/8
  4202 | D:4      | Noticed Dowan
  4209 | D:4      | Noticed Duvessa
  4212 | D:4      | XOM: blink monster(s)
  4294 | D:3      | XOM: silly message
  4316 | D:4      | Noticed Menkaure
  4316 | D:4      | XOM: enchant monster (good)
  4319 | D:4      | HP: 6/50 [Menkaure (16)]
  4324 | D:4      | Killed Menkaure
  4324 | D:4      | Reached skill level 6 in Unarmed Combat
  4355 | D:4      | XOM: divination: detect creatures
  4379 | D:4      | XOM: mild Trmt miscast
  4425 | D:4      | XOM: mild Necr miscast
  4533 | D:4      | Found a viscous altar of Jiyva.
  4643 | D:4      | XOM: noise
  4648 | D:4      | Reached XP level 7. HP: 25/56 MP: 5/8
  4740 | D:4      | Found Wide's Antique Weapon Shoppe.
  4753 | D:4      | XOM: noise
  4821 | D:4      | Killed Duvessa
  4821 | D:4      | Reached skill level 7 in Unarmed Combat
  4825 | D:4      | XOM: confusion (+ monsters)
  4837 | D:4      | Killed Dowan
  5101 | D:3      | Learned a level 2 spell: Sticks to Snakes
  5228 | D:4      | XOM: 2-stop teleportation journey
  5254 | D:4      | XOM: harmless Ice miscast
  5257 | D:4      | XOM: enchant monster (good)
  5291 | D:5      | Entered Level 5 of the Dungeon
  5514 | D:5      | Reached skill level 8 in Unarmed Combat
  5562 | D:5      | Found a sand-covered staircase.
  5571 | Ossuary  | Entered an ossuary
  5623 | Ossuary  | XOM: give mutations
  5623 | Ossuary  | Gained mutation: You have a pair of small antennae on your head. [Xom's grace]
  5623 | Ossuary  | Gained mutation: You are partially covered in yellow scales (AC +2). [Xom's grace]
  5631 | Ossuary  | HP: 9/56 [mummy (17)]
  5632 | Ossuary  | Reached XP level 8. HP: 10/63 MP: 1/8
  5633 | Ossuary  | HP: 4/63 [killer bee zombie (6)]
  5635 | Ossuary  | HP: 1/63 [killer bee zombie (2)]
  5790 | Ossuary  | XOM: god gift: gold wand {god gift}
  5803 | Ossuary  | XOM: fog
  5879 | Ossuary  | Reached skill level 9 in Unarmed Combat
  5946 | Ossuary  | HP: 13/63 [decayed bog body (5)]
  5948 | Ossuary  | Mangled by a decayed bog body

Action                   |  1- 3 |  4- 6 |  7- 9 || total
-------------------------+-------+-------+-------++-------
Melee: Unarmed           |   221 |   214 |   214 ||   649
 Cast: Beastly Appendage |    23 |     5 |     1 ||    29
       Spider Form       |     1 |    12 |     8 ||    21
       Sticks to Snakes  |       |       |     3 ||     3
 Abil: End Transformatio |       |     3 |     2 ||     5
       Device Recharging |       |     1 |     1 ||     2
Evoke: Wand              |     2 |     6 |     8 ||    16
  Use: Scroll            |     2 |     7 |     6 ||    15
       Potion            |       |     3 |     2 ||     5
 Stab: Sleeping          |     2 |       |       ||     2
       Distracted        |       |     1 |       ||     1
       Invisible         |       |       |     1 ||     1
  Eat: Chunk             |     5 |     9 |     3 ||    17
       Pizza             |       |     1 |       ||     1
       Bread ration      |       |       |     1 ||     1

Vault maps used:
D:1:      ncdulo_watergridlock
D:2:      uniq_iyjb
D:3:      nicolae_overflow_crystal_walls, roderic_batcave
D:4:      minmay_temple_entry_statues_fountains, serial_shops,
          nicolae_shop_temple_entry_statues_fountains, first_bread,
          jiyva_altar_1, uniq_edmund, uniq_duvessa, uniq_menkaure
D:5:      enter_ossuary_3, st_stairs_13, uniq_sigmund
Ossuary:  ossuary_zaba_flooded

Table legend:
 A = Turns spent in this place as a percentage of turns spent in the entire game.
 B = Non-inter-level travel turns spent in this place as a percentage of non-inter-level travel turns spent in the entire game.
 C = Inter-level travel turns spent in this place as a percentage of turns spent in this place.
 D = Turns resting spent in this place as a percentage of non-inter-level travel turns spent in this place.
 E = Turns spent auto-exploring this place as a percentage of non-inter-level travel turns spent in this place.
 F = Non-inter-level travel turns spent in this place divided by the number of levels of this place that you've seen.
                   A       B       C       D       E      F
               +-------+-------+-------+-------+-------+----------------------
         Total | 100.0 | 100.0 |   0.4 |   1.8 |   2.3 | 510.3
       Dungeon |  89.7 |  89.7 |   0.5 |   1.5 |   2.6 | 549.2
       Ossuary |  10.3 |  10.3 |   0.0 |   4.4 |   0.0 | 316.0
               +-------+-------+-------+-------+-------+----------------------

Table legend:
 A = Kills in this place as a percentage of kills in entire the game.
 B = Kills by you in this place as a percentage of kills by you in the entire game.
 C = Kills by friends in this place as a percentage of kills by friends in the entire game.
 D = Other kills in this place as a percentage of other kills in the entire game.
 E = Experience gained in this place as a percentage of experience gained in the entire game.
 F = Experience gained in this place divided by the number of levels of this place that you have seen.
                   A       B       C       D       E      F
               +-------+-------+-------+-------+-------+----------------------
         Total | 100.0 | 100.0 | 100.0 |  -nan | 100.0 | 312.0
       Dungeon |  85.2 |  85.1 | 100.0 |  -nan |  74.4 | 278.4
       Ossuary |  14.8 |  14.9 |   0.0 |  -nan |  25.6 | 480.0
               +-------+-------+-------+-------+-------+----------------------
